 Dungeon Crawl Stone Soup version 0.23-a0-644-gb60d84b635 (webtiles) character file.

77 Napalmbreeze the Cudgeler (level 4, 0/34 HPs)
             Began as a Human Gladiator on Jan 2, 2019.
             Succumbed to an adder's poison
             ... on level 2 of the Dungeon.
             The game lasted 00:02:14 (1381 turns).

Napalmbreeze the Cudgeler (Human Gladiator)         Turns: 1381, Time: 00:02:14

Health: 0/34       AC:  6    Str: 15    XL:     4   Next: 58%
Magic:  4/4        EV: 12    Int:  9    God:
Gold:   27         SH:  0    Dex: 14    Spells: 3/3 levels left

rFire    . . .     SeeInvis .   a - +0 flail
rCold    . . .     Gourm    .   (no shield)
rNeg     . . .     Faith    .   o - +0 ring mail
rPois    .         Spirit   .   c - +0 helmet
rElec    .         Reflect  .   (no cloak)
rCorr    .         Harm     .   (no gloves)
MR       .....                  (no boots)
Stlth    +.........             (no amulet)
HPRegen  0.11/turn              (no ring)
MPRegen  0.09/turn              (no ring)

@: lethally poisoned (0 -> -5), berserk cooldown, slowed, very slow
A: no striking features
a: no special abilities


You were on level 2 of the Dungeon.
You were hungry.

You visited 1 branch of the dungeon, and saw 2 of its levels.

You collected 27 gold pieces.

Inventory:

Hand Weapons
 a - a +0 flail (weapon)
Missiles
 d - 3 throwing nets (quivered)
Armour
 c - a +0 helmet (worn)
 o - a +0 ring mail (worn)
Scrolls
 e - a scroll of enchant armour {unknown}
 g - a scroll of magic mapping {unknown}
 j - 2 scrolls of identify {unknown}
Potions
 i - a potion of might {unknown}
 k - a potion of berserk rage
 l - a potion of lignification {unknown}
 m - 2 potions of mutation {unknown}
 n - a potion of haste {unknown}
Comestibles
 b - 3 chunks of flesh
 f - 3 rations


   Skills:
 + Level 2.6 Fighting
 * Level 3.9 Maces & Flails
 - Level 2.0 Throwing
 + Level 1.4 Armour
 + Level 3.4 Dodging


You had 3 spell levels left.
You didn't know any spells.
Your spell library was empty.

Dungeon Overview and Level Annotations

Branches:
Dungeon (2/15)

Altars:
Elyvilon


Message History

The jackal barely misses you.
You bludgeon the jackal!!
You kill the jackal!
* * * LOW HITPOINT WARNING * * *
You feel sick.
You barely miss the jackal.
The jackal bites you but does no damage.
The jackal closely misses you.
You barely miss the jackal.
* * * LOW HITPOINT WARNING * * *
You feel sick.
The jackal bites you but does no damage.
You closely miss the jackal.
The jackal bites you but does no damage.
You hit the jackal.
You kill the jackal!
You are no longer berserk.
You are exhausted.
You feel yourself slow down.
You die...

.. .# .. .# .#
.##### .#.....
# ##...##..#
.# ##.†......)
.# #.K#..#...%
#.#.#†#..... .
#..##@#.###.#
#..##.#.# #
#..#....#
#.......#
##.#...##
##.##.### #.#
##.#.....#####
#.#
#.###......)..
...
##.#.#..#####
# #.#


You could see a kobold.

Vanquished Creatures
  2 adders (D:2)
  A gnoll (D:1)
  3 worms (D:2)
  A dart slug (D:2)
  2 leopard geckos (D:1)
  6 bats
  3 hobgoblins
  7 jackals (D:2)
  A kobold (D:1)
  2 quokkas (D:2)
  3 frilled lizards (D:2)
  3 goblins (D:1)
  3 rats
37 creatures vanquished.

Notes
Turn   | Place    | Note
-------+----------+-------------------------------------------
     0 | D:1      | Napalmbreeze the Human Gladiator began the quest for the
                  | Orb.
     0 | D:1      | Reached XP level 1. HP: 16/16 MP: 1/1
   202 | D:1      | Reached XP level 2. HP: 19/22 MP: 2/2
   568 | D:1      | Reached XP level 3. HP: 27/27 MP: 3/3
   853 | D:2      | Reached skill level 1 in Armour
   934 | D:2      | Reached XP level 4. HP: 18/34 MP: 4/4
  1133 | D:2      | Found a white marble altar of Elyvilon.
  1379 | D:2      | HP: 2/51 [poisoned by an adder]
  1381 | D:2      | Succumbed to an adder's poison

Vault maps used:
D:1:      eino_arrival_cavern_e, minmay_liquid_box
D:2:      lemuel_coloured_pillars_altar

Skill      XL: |  1  2  3 |
---------------+----------+-----
Armour         | 1 |  1.4
Fighting       | |  2.6
Maces & Flails | |  3.9
Throwing       | |  2.0
Dodging        | |  3.4

Action                   |  1- 3 |  4- 6 || total
-------------------------+-------+-------++-------
Melee: Flail             |    73 |    58 ||   131
  Use: Potion            |       |     1 ||     1
  Eat: Chunk             |       |     1 ||     1
Armor: Leather armour    |     9 |       ||     9
       Ring mail         |    13 |    12 ||    25
Dodge: Dodged            |    46 |    41 ||    87

Table legend:
 A = Non-vault XP
 B = Vault XP
 C = Vault XP percentage of total XP
 D = Non-vault monster count
 E = Vault monster count
 F = Vault count percentage of total count
                 A         B        C        D         E       F
            +---------+---------+-------+---------+---------+-------
      Total |     110 |       0 |   0.0 |      37 |       0 |   0.0
            +---------+---------+-------+---------+---------+-------
        D:1 |      36 |       0 |   0.0 |      14 |       0 |   0.0
        D:2 |      74 |       0 |   0.0 |      23 |       0 |   0.0
            +---------+---------+-------+---------+---------+-------
